tourhack, neutral female human Tourist ----------# |........+# |........|# |........|# ----- #+........|########....| #|...>.....# |...| #----------#%######....| -----# ### # |...| -a.(|# # # |...| # |.@..# # # |...| ### |...|# # # ----- ----- ####....|### `## # |.#.-### |...|# # ------------# # |...|### -----# ##-..........|########### |....# # |..........|# #---.-- |...| ### |..........|# #|....| ----- # |......<...|# #|....| ##............# #.....| ----.------- ------ # tourhack the Excursionist Experience level: 6 Strength: 13 Dexterity: 11 Constitution: 18 Intelligence: 15 Wisdom: 9 Charisma: 12 Health: 0(54) Energy: 22(22) Def: 1 Gold: 37 Moves: 3815 Dungeon seed: tIHMCjaAjJNOuTbH Game ID: tourhack_1468411896 Your Inventory: Coins $ - 37 gold pieces Weapons a - 13 +2 darts (in quiver) o - 4 +0 orcish daggers (wielded) Armor e - an uncursed +0 Hawaiian shirt (being worn) y - an uncursed +0 orcish helm (being worn) Wands m - a wand of make invisible (0:6) Tools k - an uncursed credit card l - an expensive camera (0:50) B - an uncursed bag of holding Gems n - an uncursed worthless piece of violet glass Contents of the bag of holding: 1427 gold pieces a +0 mace an uncursed +0 helm of brilliance 7 uncursed food rations an uncursed pancake an uncursed sprig of wolfsbane 2 uncursed tins of jackal meat 2 uncursed scrolls of create monster an uncursed scroll of identify a blessed scroll of magic mapping 3 uncursed scrolls of magic mapping a blessed scroll of stinking cloud an uncursed scroll of teleportation an uncursed spellbook of wizard lock a blessed potion of acid an uncursed potion of enlightenment a blessed potion of fruit juice an uncursed potion of gain ability an uncursed potion of healing 2 uncursed potions of oil a potion of unholy water an uncursed +1 ring of adornment a blessed +2 ring of protection an uncursed ring of shock resistance a wand of create monster (0:12) a wand of light (0:13) a wand of light (0:10) 2 uncursed jade stones an uncursed topaz stone an uncursed worthless piece of green glass 3 uncursed worthless pieces of orange glass 2 uncursed worthless pieces of red glass 2 uncursed worthless pieces of yellow glass Spells and supernatural/magical abilities: Name Level Category Fail Memory W - pray for help -- divine ? -- Your skills at the end: Fighting Skills Weapon Skills dagger [Skilled] dart [Basic] Spellcasting Skills Final Attributes: You were piously aligned. You were telepathic. You are dead. Vanquished creatures: a blue jelly a soldier ant a bugbear 2 ponies a gnome lord 2 kobold mummies a straw golem 5 floating eyes a kitten 2 kobold shamans 5 hill orcs a rothe a giant bat a wererat a werejackal 2 gas spores 7 manes a large kobold 4 hobgoblins 3 cave spiders a brown mold a gnome 5 geckos 7 jackals 2 foxes 7 goblins 2 sewer rats 2 grid bugs 9 lichens a kobold zombie 7 newts 87 creatures vanquished. Voluntary challenges: You had been an atheist until turn 3257. You used a wielded weapon 144 times, starting on turn 96. You read items or engraved 24 times, starting on turn 3727. You never genocided any monsters. You never polymorphed an object. You never changed form. You used no wishes. You never split a pudding. You wrote Elbereth's name 24 times, starting on turn 3727. You never violated your personal moral code. Dungeon overview: The Dungeons of Doom: levels 1 to 7 Level 1 some fountains a long staircase Level 2 a general store stairs to The Gnomish Mines Level 3 a fountain, a sink Level 4 a fountain Level 5 a potion shop, a sink Level 6 a throne Level 7 <- You were here a sink The Gnomish Mines: Level 3 stairs to The Dungeons of Doom History has recorded: On T:1 you entered the Dungeons of Doom to retrieve the Amulet of Yendor! On T:122 you reached level 2 of The Dungeons of Doom. On T:166 you advanced to experience level 2. On T:523 you advanced to experience level 3. On T:784 you reached level 1 of The Gnomish Mines. On T:871 you reached level 3 of The Dungeons of Doom. On T:1144 you reached level 4 of The Dungeons of Doom. On T:1596 you advanced to experience level 4. On T:1942 you advanced to experience level 5. On T:2196 you reached level 5 of The Dungeons of Doom. On T:2465 you reached level 6 of The Dungeons of Doom. On T:3087 you advanced to experience level 6. On T:3330 you reached level 7 of The Dungeons of Doom. Score breakdown: Gold: 597 ( 9445 points) Experience: 6 levels (12456 points) Exploration: 7 levels ( 13.73%) (10392 points) Discoveries: 4 items ( 1.34%) ( 3475 points) Valuables value: (no points given unless you survive) Artifact value: 0 ( 0 points) Variety of kills: 31 monsters ( 8.14%) ( 8557 points) Turncount: 3815 turns ( -955 points) Survival: died (score multiplied by 80%) Total score: 34696 Latest messages: You add to the writing in the dust with your fingers. You are currently wielding your crude daggers! The soldier ant turns to flee! a - 4 +2 darts (in quiver). The soldier ant bites! The soldier ant stings! You write in the dust with your fingers. The soldier ant turns to flee! You add to the writing in the dust with your fingers. (2x) a - 3 +2 darts (in quiver). You write in the dust with your fingers. You add to the writing in the dust with your fingers. a - 2 +2 darts (in quiver). You write in the dust with your fingers. The soldier ant turns to flee! You add to the writing in the dust with your fingers. a - a +2 dart (in quiver). You write in the dust with your fingers. a - 3 +2 darts (in quiver). The soldier ant bites! You die... Final status: Aloha tourhack the Tourist, killed by a soldier ant... You died in The Dungeons of Doom on dungeon level 7 with 34696 points, and 1464 pieces of gold, after 3815 moves. You were level 6 with a maximum of 54 hit points when you died.